Map: Nightshade LE

Players

Dear

  • Race: Protoss Protoss
  • League: Master
  • Spawn Location: 5:00

TSGTYTY (TY) - Winner!

  • Race: Terran Terran
  • League: Grandmaster
  • Spawn Location: 11:00

VOD

Have the link to the VOD?

Description

Time

  • Played on: Jan. 6, 2020, 9:49 p.m.
  • Length: 10:03
Show
View Real Time Build Order
Export as new Build Order

Dear Protoss 

Build Orders: 1 Gate Expand, Phoenix Opening 

Get SALT Encoding   

  12  0:00  Probe  
  13  0:12  Probe  
  14  0:18  Pylon  
  14  0:24  Probe (Chrono Boost)  
  15  0:37  Probe (Chrono Boost), Gateway  
  16  0:45  Probe (Chrono Boost)  
  16  0:46  Assimilator  
  17  0:51  Probe  
  18  1:03  Probe  
  19  1:15  Probe  
  20  1:22  Nexus  
  20  1:31  Cybernetics Core  
  20  1:34  Probe  
  21  1:40  Assimilator  
  21  1:46  Probe  
  22  1:49  Pylon  
  22  1:58  Probe  
  23  2:05  Stalker (Chrono Boost)  
  25  2:10  Warp Gate  
  25  2:11  Probe  
  26  2:16  Pylon  
  26  2:27  Stalker  
  28  2:34  Probe  
  28  2:35  Probe  
  30  2:43  Shield Battery  
  30  2:47  Stargate  
  30  2:52  Probe  
  30  2:53  Probe  
  32  3:00  Stalker  
  32  3:05  Probe (Chrono Boost)  
  35  3:06  Probe (Chrono Boost)  
  35  3:15  Probe x2 (Chrono Boost)  
  37  3:20  Probe x2 (Chrono Boost)  
  39  3:30  Phoenix (Chrono Boost)  
  39  3:31  Probe  
  39  3:32  Probe  
  43  3:43  Probe  
  43  3:44  Probe  
  43  3:46  Phoenix (Chrono Boost)  
  47  3:55  Probe  
  48  3:56  Probe  
  48  3:59  Stalker  
  49  4:08  Probe  
  49  4:09  Probe, Phoenix (Chrono Boost)  
  45  4:20  Probe  
  45  4:21  Probe  
  47  4:28  Nexus  
  47  4:29  Phoenix  
  49  4:33  Probe  
  49  4:34  Probe  
  51  4:39  Pylon  
  51  4:41  Assimilator  
  51  4:45  Assimilator  
  51  4:47  Probe  
  51  4:48  Probe  
  52  4:55  Oracle (Chrono Boost)  
  54  5:05  Probe  
  50  5:16  Probe  
  50  5:17  Probe  
  50  5:29  Probe  
  50  5:30  Probe (Chrono Boost)  
  51  5:36  Oracle (Chrono Boost)  
  51  5:41  Probe (Chrono Boost)  
  51  5:42  Probe (Chrono Boost)  
  57  5:48  Probe (Chrono Boost)  
  58  5:50  Probe (Chrono Boost)  
  58  5:51  Probe (Chrono Boost)  
  58  5:55  Probe x2 (Chrono Boost)  
  58  5:56  Probe  
  62  6:05  Pylon  
  62  6:07  Probe x2 (Chrono Boost)  
  62  6:09  Probe (Chrono Boost)  
  65  6:15  Robotics Facility  
  65  6:19  Probe (Chrono Boost)  
  65  6:23  Sentry  
  65  6:24  Probe (Chrono Boost)  
  65  6:25  Probe (Chrono Boost)  
  70  6:29  Probe (Chrono Boost)  
  70  6:32  Gateway  
  73  6:33  Probe (Chrono Boost)  
  73  6:34  Gateway  
  73  6:36  Probe (Chrono Boost)  
  73  6:38  Probe (Chrono Boost)  
  73  6:39  Probe (Chrono Boost)  
  75  6:42  Forge  
  75  6:43  Twilight Council  
  75  6:46  Probe (Chrono Boost)  
  77  6:48  Probe (Chrono Boost)  
  77  6:52  Probe (Chrono Boost)  
  77  6:53  Sentry  
  80  6:55  Probe (Chrono Boost)  
  80  6:57  Probe (Chrono Boost)  
  80  6:58  Pylon  
  80  6:59  Probe (Chrono Boost)  
  80  7:01  Probe  
  83  7:04  Observer  
  85  7:09  Gateway  
  85  7:12  Gateway, Protoss Ground Armor Level 1 (Chrono Boost)  
  85  7:14  Charge (Chrono Boost), Gateway  
  85  7:16  Probe  
  85  7:17  Gateway  
  85  7:22  Phoenix  
  88  7:29  Gateway  
  88  7:30  Pylon  
  88  7:32  Zealot  
  88  7:33  Zealot  
  92  7:44  Pylon  
  92  7:47  Phoenix  
  92  7:50  Probe x3  
  94  7:56  Zealot x3  
  100  8:01  Templar Archives  
  100  8:02  Probe x3, Pylon  
  103  8:07  Pylon  
  103  8:22  Assimilator  
  103  8:26  Assimilator  
  106  8:31  Zealot x4  
  106  8:32  Immortal (Chrono Boost), Zealot x4  
  119  8:45  Pylon  
  114  8:53  Zealot x2  
  104  8:58  Zealot x5  
  81  9:04  Immortal (Chrono Boost)  
  71  9:19  High Templar x5  
  71  9:20  High Templar, Zealot x2  
  71  9:23  Archon x3  
  71  9:41  Zealot x2  
Show
View Real Time Build Order
Export as new Build Order

TSGTYTY Terran - Winner!

Build Orders: Banshee Rush 

Get SALT Encoding   

  12  0:00  SCV  
  13  0:12  SCV  
  14  0:19  Supply Depot  
  14  0:24  SCV  
  14  0:27  Refinery  
  15  0:41  SCV  
  16  0:44  Barracks  
  16  0:53  SCV  
  17  1:05  SCV  
  18  1:17  SCV  
  20  1:34  Reaper, Orbital Command  
  20  1:45  Command Center  
  20  1:57  Factory  
  20  2:01  SCV  
  21  2:09  Barracks Reactor  
  21  2:10  Supply Depot  
  21  2:13  SCV  
  22  2:17  Refinery  
  22  2:25  SCV  
  23  2:37  SCV  
  23  2:43  Starport  
  24  2:49  SCV, Hellion x2  
  29  2:55  Barracks Tech Lab  
  26  2:58  Orbital Command  
  29  3:02  SCV  
  30  3:11  Hellion  
  34  3:13  Hellion  
  34  3:27  Orbital Command  
  34  3:28  Cloaking Field, Banshee  
  34  3:33  SCV  
  37  3:39  Marine x2  
  39  3:42  Widow Mine  
  39  3:45  SCV  
  42  3:55  SCV  
  43  3:56  Marine  
  43  3:57  Marine  
  43  4:00  SCV  
  43  4:10  Factory Tech Lab  
  43  4:12  Banshee  
  43  4:14  Marine  
  43  4:15  Marine  
  43  4:17  Supply Depot  
  43  4:19  SCV x2  
  45  4:30  Supply Depot  
  45  4:32  Marine  
  46  4:39  Marine, SCV, Cyclone  
  46  4:43  SCV  
  52  4:45  Supply Depot  
  52  4:50  Marine  
  52  4:51  SCV  
  54  4:55  SCV  
  54  4:56  Marine  
  59  5:03  SCV  
  60  5:07  SCV  
  60  5:08  Marine  
  60  5:11  Cyclone  
  65  5:14  Marine  
  65  5:15  SCV  
  65  5:19  SCV  
  68  5:22  Command Center  
  68  5:27  SCV  
  69  5:31  SCV  
  69  5:34  Supply Depot  
  69  5:35  Supply Depot  
  67  5:37  Barracks x2  
  67  5:39  SCV  
  65  5:43  SCV, Siege Tank  
  65  5:46  Bunker  
  65  5:49  Marine, Stimpack  
  70  5:55  Viking  
  72  5:59  SCV  
  73  6:05  SCV  
  73  6:08  Barracks  
  74  6:12  Barracks  
  74  6:13  SCV  
  74  6:15  Marine, Siege Tank  
  74  6:17  SCV  
  80  6:20  Refinery, Engineering Bay  
  80  6:22  Refinery  
  81  6:25  SCV  
  81  6:27  Barracks Tech Lab  
  81  6:28  Barracks Reactor  
  81  6:29  Starport Reactor  
  81  6:30  SCV  
  82  6:33  Orbital Command  
  82  6:36  Marauder  
  82  6:37  SCV  
  85  6:42  SCV  
  86  6:48  Supply Depot x2, Missile Turret  
  86  6:52  SCV  
  87  6:55  Marauder  
  87  6:57  Marauder  
  87  6:58  Orbital Command  
  87  7:00  Marine x2  
  93  7:06  Medivac  
  93  7:08  Marine x2  
  97  7:10  Missile Turret, Medivac  
  97  7:14  Supply Depot  
  99  7:16  Supply Depot  
  99  7:17  SCV, Marauder  
  99  7:18  Marine  
  99  7:22  Marauder  
  105  7:23  SCV  
  105  7:26  Marine x2  
  105  7:28  Marine  
  109  7:31  Marauder  
  109  7:34  Terran Infantry Weapons Level 1  
  109  7:36  Medivac  
  113  7:37  Marine  
  113  7:39  Combat Shield  
  113  7:40  Medivac  
  113  7:42  Marine  
  113  7:43  Marine  
  113  7:44  SCV  
  119  7:46  SCV  
  119  7:51  Marine x2  
  121  7:55  Marine x2  
  121  7:56  Marine  
  121  7:57  Missile Turret  
  121  7:58  SCV x2  
  124  7:59  SCV  
  124  8:01  Factory Reactor  
  124  8:03  Marauder  
  124  8:04  Marauder  
  129  8:06  Medivac  
  129  8:07  Concussive Shells  
  129  8:10  Marine  
  129  8:11  Supply Depot  
  129  8:12  Supply Depot  
  133  8:20  Marine x2  
  133  8:22  Marine  
  133  8:27  Marine x2  
  133  8:29  Marine x2  
  133  8:34  Medivac  
  139  8:38  Marine x2  
  141  8:47  Marine x4, Medivac, Widow Mine x2  
  151  8:50  Marine, Bunker  
  152  8:55  Marine  
  152  8:56  Marine  
  141  9:05  Marine, Medivac  
  141  9:06  Marine  
  141  9:08  SCV  
  144  9:14  Widow Mine x2  
  144  9:17  Marine x2  
  144  9:22  Marauder x3  
  149  9:24  Marine  
  149  9:25  Marine  
  149  9:30  SCV  
  149  9:31  SCV  
  153  9:34  Marine  
  137  9:39  Widow Mine x2  
  137  9:40  SCV  
  137  9:45  Marine  
Tags
 
Add a new tag
Caveats
  • Supply blocks, unpowered buildings, or Contaminate may cause inaccurate times.
  • Supply counts are checked every 10 seconds.